 Dungeon Crawl Stone Soup version 0.21.0-3-g78d12a8 (webtiles) character file.

2097 Musashi the Cleaver (level 9, 0/78 HPs)
             Began as a Minotaur Berserker on Jan 17, 2018.
             Was an Elder of Trog.
             Slain by an orc wizard
             ... wielding a +0 dagger of holy wrath
              (2 damage)
             ... on level 6 of the Dungeon.
             The game lasted 00:24:06 (6062 turns).

Musashi the Cleaver (Minotaur Berserker)            Turns: 6062, Time: 00:24:07

Health: 0/78       AC: 10    Str: 25    XL:     9   Next: 7%
Magic:  8/8        EV:  9    Int:  5    God:    Trog [****..]
Gold:   132        SH:  3    Dex:  9    Spells: 8/8 levels left

rFire    . . .     SeeInvis .   a - +0 war axe
rCold    + . .     Gourm    .   x - +0 buckler
rNeg     . . .     Faith    .   s - +0 chain mail
rPois    .         Spirit   .   (helmet restricted)
rElec    .         Reflect  .   (no cloak)
rCorr    .         Harm     .   (no gloves)
MR       .....                  (no boots)
Stlth    ..........             (no amulet)
HPRegen  0.23/turn              k - ring of protection from cold
MPRegen  0.11/turn              p - ring of stealth

@: berserk cooldown, slowed, very slow
A: retaliatory headbutt, horns 2
a: Berserk, Trog's Hand, Brothers in Arms, Burn Spellbooks, Renounce Religion


You were on level 6 of the Dungeon.
You worshipped Trog.
Trog was greatly pleased with you.
You were not hungry.

You visited 1 branch of the dungeon, and saw 6 of its levels.

You collected 132 gold pieces.

Inventory:

Hand Weapons
 a - a +0 war axe (weapon)
 g - a +1 short sword of draining
 v - a +0 hand axe
 w - a +0 mace of crushing
 H - a +1 whip of electrocution
Missiles
 b - 13 poisoned needles
 d - 36 sling bullets
 e - 5 javelins of returning (quivered)
 f - 147 stones
 h - 45 arrows
 i - 67 bolts
 r - 8 needles of sleeping
Armour
 s - a +0 chain mail (worn)
 u - a cursed +0 ring mail
 x - a +0 buckler (worn)
 A - a +0 ring mail
 E - a +0 scale mail
Jewellery
 k - a ring of protection from cold (left hand)
 p - a ring of stealth (right hand)
 G - an uncursed amulet of guardian spirit {unknown}
 J - an uncursed ring of magical power {unknown}
Scrolls
 n - a scroll of amnesia {unknown}
 o - a scroll of enchant armour {unknown}
 q - 2 scrolls of fear {unknown}
 t - a scroll of noise {unknown}
 y - 4 scrolls of identify {unknown}
 D - 2 scrolls of enchant weapon {unknown}
Potions
 j - 2 potions of lignification {unknown}
 l - a potion of heal wounds {unknown}
 m - a potion of magic {unknown}
 z - a potion of ambrosia {unknown}
 B - a potion of curing {unknown}
 C - a potion of flight {unknown}
 F - a potion of degeneration {unknown}
Comestibles
 c - 7 rations


   Skills:
 + Level 6.5 Fighting
 * Level 11.1 Axes
 + Level 1.4 Throwing
 + Level 6.4 Armour
 + Level 3.7 Dodging
 + Level 0.7 Stealth
 + Level 2.0 Shields


You had 8 spell levels left.
You didn't know any spells.

Dungeon Overview and Level Annotations

Branches:
Dungeon (7/15)
 Temple: D:4-7

Altars:
Elyvilon
Zin

Annotations:
D:2 Need much fire protect to get a ring in fire
D:4 Bring digging
D:6 Eustachio


Innate Abilities, Weirdness & Mutations

You reflexively headbutt those who attack you in melee.
You have a pair of horns on your head.


Message History

You slash Eustachio! You barely miss the orc wizard.
The orc wizard hits you but does no damage.
Eustachio barely misses you. You furiously retaliate!
You headbutt Eustachio, but do no damage.
The orc warrior hits you with a hand axe!
* * * LOW HITPOINT WARNING * * *
The orc wizard barely misses you. Eustachio barely misses you.
You block the orc wizard's attack. You block the orc warrior's attack.
You closely miss the orc warrior.
The orc warrior is moderately wounded.
You closely miss the orc wizard. You closely miss Eustachio.
The orc wizard closely misses you. You block Eustachio's attack.
The orc wizard hits you but does no damage.
The orc warrior misses you.
Unknown command.
You barely miss the orc warrior.
The orc warrior is moderately wounded.
You barely miss Eustachio. You hit the orc wizard.
The orc wizard hits you with a dagger of holy wrath.
You die...

###.########.......#
##..................#
##....................#
####.....#########...###..#
........## ##### ##..
.........### ## ##
###........#######.##
##.........@)o../.###
#.......##(@o(.....#
#......#######).......#
........# ...........
.........# .............
#....##...#..............
...# ###.............?..
...............
...............


You could see Eustachio, an orc warrior and an orc wizard.

Vanquished Creatures
  Pikel (D:7)
  Menkaure (D:4)
  The ghost of ThereIsNoGod the Stinger, an amateur SpVM (D:4)
  4 sky beasts
  3 slaves (D:7)
  An ogre (D:4)
  A centaur (D:6)
  The ghost of Feta the Firebug, an amateur DgFE (D:3)
  A bullfrog (D:6)
  A howler monkey (D:4)
  A quasit (D:3)
  3 hounds
  3 orc priests
  A bullfrog skeleton (D:4)
  2 orc wizards (D:3)
  Terence (D:2)
  2 iguanas (D:6)
  Natasha (D:2)
  4 worker ants
  6 adders
  An ooze (D:2)
  2 worms
  5 dart slugs
  5 leopard geckos
  17 orcs
  10 giant cockroaches
  7 goblins
  8 hobgoblins
  4 jackals (D:3)
  14 kobolds
  2 quokkas
  2 ball pythons
  5 bats
  4 frilled lizards
  A jackal zombie (D:6)
  4 rats
  A bush (D:2)
  3 plants (D:2)
134 creatures vanquished.

Vanquished Creatures (others)
  A hungry ghost (D:7)
  An orc wizard (D:3)
2 creatures vanquished.

Grand Total: 136 creatures vanquished

Notes
Turn   | Place    | Note
-------+----------+-------------------------------------------
     0 | D:1      | Musashi the Minotaur Berserker began the quest for the Orb.
     0 | D:1      | Reached XP level 1. HP: 19/19 MP: 0/0
   146 | D:1      | Reached XP level 2. HP: 13/27 MP: 1/1
   317 | D:1      | Reached skill level 4 in Axes
   820 | D:1      | Reached XP level 3. HP: 33/33 MP: 2/2
  1702 | D:2      | Reached ** piety under Trog
  1751 | D:2      | Noticed Terence
  1777 | D:2      | Killed Terence
  1777 | D:2      | Reached XP level 4. HP: 37/41 MP: 3/3
  2027 | D:2      | Reached skill level 5 in Axes
  2168 | D:2      | Reached skill level 5 in Fighting
  2327 | D:2      | Noticed Natasha
  2332 | D:2      | Killed Natasha
  2332 | D:2      | Reached XP level 5. HP: 38/48 MP: 4/4
  3330 | D:3      | Reached *** piety under Trog
  3448 | D:3      | Noticed Feta's ghost (amateur DgFE)
  3461 | D:3      | Reached skill level 6 in Axes
  3461 | D:3      | Reached XP level 6. HP: 56/56 MP: 5/5
  3467 | D:3      | Killed Feta's ghost
  3893 | D:4      | Noticed a sky beast
  3907 | D:3      | Killed a sky beast
  3907 | D:3      | Reached skill level 7 in Axes
  3907 | D:3      | Reached XP level 7. HP: 44/61 MP: 6/6
  4089 | D:4      | Noticed ThereIsNoGod's ghost (amateur SpVM)
  4103 | D:4      | Killed ThereIsNoGod's ghost
  4113 | D:4      | HP: 3/62 [poisoned by ThereIsNoGod's ghost (toxic radiance)]
  4119 | D:4      | HP: 2/62 [poisoned by ThereIsNoGod's ghost (toxic radiance)]
  4127 | D:4      | HP: 2/62 [poisoned by ThereIsNoGod's ghost (toxic radiance)]
  4457 | D:4      | Noticed Menkaure
  4470 | D:4      | Killed Menkaure
  4470 | D:4      | Reached skill level 8 in Axes
  4470 | D:4      | Reached skill level 1 in Throwing
  4588 | D:4      | Found a white marble altar of Elyvilon.
  4866 | D:4      | Found a glowing silver altar of Zin.
  4944 | D:4      | Reached skill level 1 in Shields
  4944 | D:4      | Reached XP level 8. HP: 69/70 MP: 7/7
  5068 | D:4      | Reached skill level 9 in Axes
  5229 | D:4      | You fall through a shaft for 3 floors!
  5238 | D:7      | Reached skill level 5 in Armour
  5408 | D:7      | Noticed Pikel
  5423 | D:7      | Killed Pikel
  5423 | D:7      | Reached skill level 10 in Axes
  5858 | D:6      | Reached **** piety under Trog
  6025 | D:6      | Noticed Eustachio
  6036 | D:6      | Reached skill level 11 in Axes
  6036 | D:6      | Reached XP level 9. HP: 78/78 MP: 8/8
  6060 | D:6      | HP: 2/78 [orc warrior/hand axe (13)]
  6062 | D:6      | Slain by an orc wizard

Skill      XL: |  1  2  3  4  5  6  7  8 |
---------------+-------------------------+-----
Axes           | 4 5 6 7 8 11 | 11.1
Fighting       | 4 5 6 |  6.5
Armour         | 3 4 6 |  6.4
Dodging        | 3 |  3.7
Throwing       | 1 |  1.4
Shields        | 1 2 |  2.0
Stealth        | |  0.7

Action                   |  1- 3 |  4- 6 |  7- 9 || total
-------------------------+-------+-------+-------++-------
Melee: Hand axe          |    93 |   165 |       ||   258
       Headbutt          |    11 |    68 |    34 ||   113
       War axe           |       |    83 |   162 ||   245
Throw: Javelin           |     4 |       |     2 ||     6
       Stone             |     1 |     7 |     2 ||    10
Invok: Berserk           |       |     3 |     3 ||     6
  Eat: Ration            |     1 |     1 |     1 ||     3
       Chunk             |       |     6 |     6 ||    12
Armor: Animal skin       |    12 |       |       ||    12
       Chain mail        |       |    66 |    79 ||   145
Dodge: Dodged            |    45 |    49 |    74 ||   168
Block: Buckler           |       |     7 |    29 ||    36
